 Dungeon Sprint DCSS version 0.18.1-6-gd335043 (webtiles) character file.

2285 Hipnos the Imperceptible (level 9, 0/39 HPs)
             Began as a Spriggan Enchanter on May 15, 2016.
             Was a Priest of Dithmenos.
             Slain by a shadow wraith (20 damage)
             ... in the Dungeon (Sprint V: "Ziggurat Sprint").
             The game lasted 00:03:19 (172 turns).

Hipnos the Imperceptible (Spriggan Enchanter)        Turns: 172, Time: 00:03:19

Health: 0/39       AC: 15    Str:  4    XL:     9   Next: 17%
Magic:  22/22      EV:  4    Int: 17    God:    Dithmenos [***...]
Gold:   0          SH:  0    Dex: 31    Spells: 3 memorised, 19 levels left

rFire  . . .     SeeInvis +     J - +5 dagger (drain)
rCold  . . .     Gourm    .     I - +5 shadow dragon armour
rNeg   . . .     Faith    .     (shield restricted)
rPois  .         Spirit   .     (helmet restricted)
rElec  .         Dismiss  .     (no cloak)
rCorr  .         Reflect  .     (gloves unavailable)
SustAt .         Harm     .     (boots unavailable)
MR     +....     NoTele   +     (no amulet)
Stlth  ++++++++++               D - +6 ring of dexterity
                                C - +6 ring of dexterity

@: very slightly contaminated, wreathed by umbra, invisible (expiring), very
quick, somewhat resistant to hostile enchantments, uncannily stealthy
A: unfitting armour, see invisible, herbivore 3, speed 3, slow metabolism 2
a: Shadow Step, Renounce Religion


You were in the Dungeon.
You worshipped Dithmenos.
Dithmenos was most pleased with you.
You were not hungry.

You visited 1 branch

Inventory:

Hand Weapons
 a - a +1 dagger
 J - a +5 dagger of draining (weapon)
Armour
 b - a +1 robe
 I - a +5 shadow dragon armour (worn)
Jewellery
 C - a +6 ring of dexterity (left hand)
 D - a +6 ring of dexterity (right hand)
 E - a +6 ring of intelligence
 F - a +6 ring of intelligence
 G - a +6 ring of strength
 H - a +6 ring of strength
Wands
 k - a wand of disintegration (7/24)
 l - a wand of iceblast (5/15)
 m - a wand of lightning (5/15)
 n - a wand of acid (5/15)
Scrolls
 j - 4 scrolls of blinking
 u - 4 scrolls of amnesia
 v - 3 scrolls of recharging
 w - 7 scrolls of fog
 x - a scroll of holy word
 y - 5 scrolls of identify
 z - 5 scrolls of remove curse
 A - 2 scrolls of fear
Potions
 e - 10 potions of curing
 f - 10 potions of heal wounds
 g - 6 potions of haste
 h - 7 potions of magic
 i - 3 potions of berserk rage
 o - 2 potions of brilliance
 q - 4 potions of resistance
 s - 5 potions of agility
 t - 5 potions of might
Books
 c - a book of Maledictions

   Spells                             Type                      Level
   a - Corona                         Hexes                        1
   b - Ensorcelled Hibernation        Hexes/Ice                    2
   c - Confuse                        Hexes                        3
   d - Tukima's Dance                 Hexes                        3
   e - Dazzling Spray                 Conjuration/Hexes            3
 p - a Fen Folio

   Spells                             Type                      Level
   a - Corpse Rot                     Necromancy                   2
   b - Stone Arrow                    Conjuration/Earth            3
   c - Leda's Liquefaction            Hexes/Earth                  4
   d - Summon Forest                  Summoning/Translocation      5
   e - Hydra Form                     Transmutation                6
   f - Summon Hydra                   Summoning                    7
 K - a book of Frost

   Spells                             Type                      Level
   a - Freeze                         Ice                          1
   b - Throw Frost                    Conjuration/Ice              2
   c - Ozocubu's Armour               Charms/Ice                   3
   d - Throw Icicle                   Conjuration/Ice              4
   e - Summon Ice Beast               Ice/Summoning                4
 L - a book of Minor Magic

   Spells                             Type                      Level
   a - Magic Dart                     Conjuration                  1
   b - Blink                          Translocation                2
   c - Call Imp                       Summoning                    2
   d - Repel Missiles                 Charms/Air                   2
   e - Slow                           Hexes                        2
   f - Conjure Flame                  Conjuration/Fire             3
   g - Mephitic Cloud                 Conjuration/Poison/Air       3
 M - a book of the Sky

   Spells                             Type                      Level
   a - Summon Lightning Spire         Summoning/Air                4
   b - Airstrike                      Air                          4
   c - Silence                        Hexes/Air                    5
   d - Deflect Missiles               Charms/Air                   6
   e - Conjure Ball Lightning         Conjuration/Air              6
   f - Tornado                        Air                          9
Miscellaneous
 r - a plain deck of defence
Comestibles
 d - 5 bread rations
 B - 42 fruits


   Skills:
 + Level 1.8 Short Blades
 + Level 0.3 Armour
 + Level 8.5 Dodging
 + Level 21.1 Stealth
 + Level 8.8 Spellcasting
 + Level 13.8 Hexes


You had 19 spell levels left.
You knew the following spells:

 Your Spells              Type           Power        Failure   Level  Hunger
a - Corona                Hex            ######.      95%         1    None
b - Ensorcelled Hibernat  Hex/Ice        ####..       100%        2    None
c - Confuse               Hex            ######..     100%        3    #......


Dungeon Overview and Level Annotations

Branches:
Dungeon (1/1)

Altars:
Ashenzari
Cheibriados
Dithmenos
Elyvilon
Fedhas
Gozag
Kikubaaqudgha
Makhleb
Nemelex Xobeh
Okawaru
Pakellas
Qazlal
Ru
Sif Muna
Trog
Vehumet
Xom
Yredelemnul
Zin
The Shining One
Beogh
Jiyva
Lugonu


Innate Abilities, Weirdness & Mutations

You are tiny and cannot use many weapons and most armour.
You have supernaturally acute eyesight.
You are a herbivore.
You cover ground extremely quickly.
You need consume almost no food.


Message History

The slime creature is moderately wounded.
The slime creature barely misses you.
The shadow wraith hits you but does no damage.
You catch the helpless slime creature completely off-guard!
You stick the slime creature like a pincushion!!!
You kill the slime creature!
Dithmenos accepts your kill.
Your Stealth skill increases to level 21!
The shadow wraith hits you but does no damage.
You hit the shadow wraith but do no damage.
You flicker for a moment.
The shadow wraith hits you.
You hit the shadow wraith.
The shadow wraith is lightly damaged.
The shadow wraith hits you!
You hit the shadow wraith but do no damage.
The shadow wraith is lightly damaged.
The shadow wraith hits you!!
Ouch! That really hurt!
You die...

▓.....▓.....▓.....▓
▓.....▓.....▓.....▓
▓.....▓.....▓.....▓
▓.....▓.....▓▓▓▓▓▓▓
▓▓▓▓▓▓▓▓▓▓▓▓▓▓▓▓▓▓▓
▓..8©8...▓..8©8...▓
▓..††)...▓..[[|...▓
▓...}....▓..(W|...▓
▓........▓...@....▓
▓........▓....†...▓
▓........▓.▓....▓.▓
▓........▓........▓
▓▓▓▓▓▓▓▓▓▓▓▓▓▓▓▓▓▓▓


You could see a shadow wraith (invisible).

Vanquished Creatures
  A cyclops (D)
  A wolf spider (D)
  A jumping spider (D)
  A slime creature (D)
  A yak (D)
  2 tarantellas (D)
  A vampire mosquito (D)
  3 insubstantial wisps (D)
  5 scorpions (D)
  A river rat (D)
17 creatures vanquished.

Notes
Turn   | Place    | Note
--------------------------------------------------------------
     0 | D        | Hipnos the Spriggan Enchanter began the quest for the Orb.
     0 | D        | Reached XP level 1. HP: 9/9 MP: 5/5
     0 | D        | Found a viscous altar of Jiyva.
     0 | D        | Found a roughly hewn altar of Beogh.
     0 | D        | Found a corrupted altar of Lugonu.
     0 | D        | Found a white marble altar of Elyvilon.
     0 | D        | Found a sparkling altar of Nemelex Xobeh.
     3 | D        | Became a worshipper of Dithmenos the Shadowed
     7 | D        | Found a deep blue altar of Sif Muna.
     7 | D        | Found a burning altar of Makhleb.
     7 | D        | Found a bloodstained altar of Trog.
     7 | D        | Found an iron altar of Okawaru.
     7 | D        | Found a radiant altar of Vehumet.
    10 | D        | Found a shimmering altar of Xom.
    52 | D        | Reached skill level 12 in Stealth
    52 | D        | Reached XP level 2. HP: 13/13 MP: 6/6
    55 | D        | Entered arena 1.
    55 | D        | Noticed a yak
    58 | D        | Killed a yak
    58 | D        | Reached skill level 13 in Stealth
    58 | D        | Reached XP level 3. HP: 16/16 MP: 7/10
    58 | D        | Reached XP level 4. HP: 21/21 MP: 7/11
    58 | D        | Reached XP level 5. HP: 24/24 MP: 8/13
    59 | D        | Reached skill level 5 in Dodging
    59 | D        | Reached skill level 5 in Spellcasting
    64 | D        | Entered arena 2.
    64 | D        | Noticed an insubstantial wisp
    64 | D        | Noticed an insubstantial wisp
    64 | D        | Noticed an insubstantial wisp
    69 | D        | Killed an insubstantial wisp
    69 | D        | Reached skill level 14 in Stealth
    69 | D        | Reached XP level 6. HP: 28/28 MP: 9/15
    70 | D        | Killed an insubstantial wisp
    70 | D        | Reached skill level 15 in Stealth
    70 | D        | Reached skill level 10 in Hexes
    71 | D        | Killed an insubstantial wisp
    71 | D        | Reached skill level 16 in Stealth
   121 | D        | Learned a level 2 spell: Ensorcelled Hibernation
   125 | D        | Learned a level 3 spell: Confuse
   126 | D        | Entered arena 3.
   126 | D        | Noticed a tarantella
   126 | D        | Noticed a tarantella
   126 | D        | Noticed a jumping spider
   130 | D        | Reached * piety under Dithmenos
   130 | D        | Reached XP level 7. HP: 32/32 MP: 18/18
   132 | D        | Killed a tarantella
   132 | D        | Reached skill level 17 in Stealth
   133 | D        | Killed a tarantella
   134 | D        | Killed a jumping spider
   134 | D        | Reached ** piety under Dithmenos
   134 | D        | Reached skill level 18 in Stealth
   134 | D        | Reached XP level 8. HP: 36/36 MP: 18/20
   143 | D        | Entered arena 4.
   159 | D        | Entered arena 5.
   159 | D        | Noticed a wolf spider
   159 | D        | Noticed a shadow wraith
   159 | D        | Noticed a cyclops
   159 | D        | Noticed a slime creature
   163 | D        | Killed a cyclops
   163 | D        | Reached *** piety under Dithmenos
   163 | D        | Reached skill level 19 in Stealth
   165 | D        | Reached skill level 20 in Stealth
   166 | D        | Killed a wolf spider
   166 | D        | Reached XP level 9. HP: 28/39 MP: 22/22
   169 | D        | Reached skill level 21 in Stealth
   172 | D        | Slain by a shadow wraith

Skill      XL: |  1  2  3  4  5  6  7  8  9 |
---------------+----------------------------+-----
Stealth        | 12 13 14 16 18 20 21 | 21.1
Dodging        | 4 5 6 7 8 |  8.5
Spellcasting   | 4 5 6 7 8 |  8.8
Hexes          | 7 9 10 12 13 | 13.8
Short Blades   | |  1.8
Armour         | |  0.3

Action                   |  1- 3 |  4- 6 |  7- 9 || total
-------------------------+-------+-------+-------++-------
Melee: Dagger            |     1 |     5 |    17 ||    23
  Use: Potion            |     2 |     1 |       ||     3
       Scroll            |       |     1 |       ||     1
 Stab: Sleeping          |     1 |     5 |     6 ||    12
       Invisible         |       |       |     5 ||     5
Armor: Shadow dragon arm |       |       |     8 ||     8
Dodge: Dodged            |       |       |     4 ||     4
